 Dungeon Crawl Stone Soup version 0.31-a0-176-g91f28db67f (webtiles) character file.

Game seed: 8473894040424145445

80 Elmgren the Shooter (level 4, -3/26 HPs)
             Began as a Gargoyle Hunter on June 18, 2023.
             Slain by a water moccasin (6 damage)
             ... on level 4 of the Dungeon.
             The game lasted 00:01:58 (1087 turns).

Elmgren the Shooter (Gargoyle Hunter)               Turns: 1087, Time: 00:01:59

Health: -3/26      AC: 10    Str: 15    XL:     4   Next: 39%
Magic:  4/4        EV: 11    Int: 12    God:
Gold:   94         SH:  0    Dex: 15    Spells: 3/3 levels left

rFire   . . .        a - +0 shortbow
rCold   . . .        (shield currently unavailable)
rNeg    + . .        c - +1 leather armour
rPois   ∞            d - +2 helmet {Int+3}
rElec   +            (no cloak)
rCorr   .            (no gloves)
SInv    .            (no boots)
Will    .....        (no amulet)
Stlth   ++           (no ring)
HPRegen 0.24/turn    (no ring)
MPRegen 0.09/turn

%: no passive effects
@: no status effects
A: sickness immunity, AC +3, negative energy resistance 1, electricity
resistance, torment resistance 1, petrification resistance
a: no special abilities


You were on level 4 of the Dungeon.
You visited 1 branch of the dungeon, and saw 3 of its levels.

You collected 94 gold pieces.

Inventory:

Hand Weapons
 a - a +0 shortbow (weapon)
Armour
 c - a +1 leather armour (worn)
 d - a +2 helmet of intelligence (worn)
Scrolls
 b - a scroll of butterflies
 e - a scroll of identify
 i - a scroll of enchant armour
Potions
 f - a potion of heal wounds {unknown}
 g - a potion of resistance {unknown}
 h - a potion of lignification {unknown}
 k - 3 potions of attraction
 l - a potion of magic {unknown}


   Skills:
 - Level 2.1 Fighting
 + Level 5.7 Ranged Weapons
 - Level 1.5 Dodging
 - Level 1.1 Stealth


You had 3 spell levels left.
You didn't know any spells.
Your spell library contained the following spells:

 Spells                   Type           Power      Damage    Failure   Level
 Gell's Gravitas          Tloc           0%         N/A       77%         3
 Teleport Other           Tloc           0%         N/A       77%         3
 Blade Hands              Tmut           0%         N/A       100%        5
 Irradiate                Conj/Tmut      0%         3d11      100%        5
 Dispersal                Tloc           0%         N/A       100%        6
 Dragon Form              Tmut           0%         N/A       100%        7


Dungeon Overview and Level Annotations

Branches:
Dungeon (2/15)

Altars:
Cheibriados


Innate Abilities, Weirdness & Mutations

You are immune to sickness and miasma.
Your stone body is resilient. (AC +3)
You are immune to poison.
You resist negative energy. (rN+)
You are resistant to electric shocks. (rElec)
You are resistant to unholy torment.
You are immune to petrification.


Message History

The arrow barely misses the water moccasin.
You shoot an arrow. The arrow hits the water moccasin!
The water moccasin is moderately wounded.
The water moccasin bites you. The water moccasin barely misses you.
You shoot an arrow. The arrow hits the water moccasin.
The water moccasin is heavily wounded.
The water moccasin bites you but does no damage.
You shoot an arrow. The arrow hits the water moccasin.
The water moccasin is severely wounded.
The water moccasin bites you but does no damage.
The water moccasin bites you.
You shoot an arrow.
The arrow hits the water moccasin but does no damage.
The water moccasin is severely wounded.
The water moccasin barely misses you.
You shoot an arrow. The arrow hits the water moccasin.
The water moccasin is severely wounded.
The water moccasin closely misses you. The water moccasin bites you.
You shoot an arrow.
The arrow barely misses the water moccasin.
The water moccasin bites you. x2
You are too injured to fight recklessly!
You are too injured to fight recklessly!
You are too injured to fight recklessly!
You are too injured to fight recklessly!
You shoot an arrow. The arrow hits the water moccasin.
The water moccasin is severely wounded.
The water moccasin bites you but does no damage.
The water moccasin bites you!
* * * LOW HITPOINT WARNING * * *
You shoot an arrow.
The arrow closely misses the water moccasin.
The water moccasin barely misses you.
You shoot an arrow.
The arrow closely misses the water moccasin.
The water moccasin closely misses you.
The water moccasin bites you but does no damage.
The water moccasin attacks as you move away!
The water moccasin bites you.
You die...

#......#####
#.#.........
#.#...###(..
#.#...#w#...
#.#.#######.
#####...#w#_#w#.
#...#...###.###.
###.#.#.@S...(....
#...#....#.#.##...
#.######.#.# # #.#
..#.# #.# ####.#
#.. #.. #### ...
>..


You could see 3 torpor snails and a water moccasin.

Vanquished Creatures
  A sleepcap (D:4)
  An adder (D:2)
  A dart slug (D:1)
  5 ball pythons
  3 bats (D:1)
  An endoplasm (D:1)
  4 giant cockroaches
  3 goblins (D:1)
  6 hobgoblins
  3 quokkas
  3 frilled lizards (D:1)
  4 kobolds
  4 rats
39 creatures vanquished.

Notes
Turn   | Place    | Note
-------+----------+-------------------------------------------
     0 | D:1      | Elmgren the Gargoyle Hunter began the quest for the Orb.
     0 | D:1      | Reached XP level 1. HP: 12/12 MP: 1/1
    87 | D:1      | Reached XP level 2. HP: 10/17 MP: 2/2
   339 | D:1      | Reached XP level 3. HP: 21/21 MP: 3/3
   370 | D:1      | Reached skill level 5 in Ranged Weapons
   717 | D:2      | Found a faded altar of an unknown god.
   994 | D:2      | You fall into a shaft and drop 2 floors!
  1003 | D:4      | Noticed a torpor snail
  1004 | D:4      | Found a snail-covered altar of Cheibriados.
  1004 | D:4      | Noticed a torpor snail
  1023 | D:4      | Reached XP level 4. HP: 15/26 MP: 4/4
  1069 | D:4      | Noticed a torpor snail
  1072 | D:4      | Noticed a water moccasin
  1087 | D:4      | Slain by a water moccasin

Illustrated notes

Levels and vault maps discovered:
D:1:      psy_arrival_fountain, layout_rooms, minmay_tripent
D:2:      layout_loops_ring, shapermc_ecumenical_altar_mp_urbaneastern
D:4:      layout_basic, cheibriados_altar_2, minmay_temple_entry_glass

Skill      XL: |  1  2  3 |
---------------+----------+-----
Ranged Weapons | 5 |  5.7
Fighting       | |  2.1
Dodging        | |  1.5
Stealth        | |  1.1

Action                     |  1- 3 |  4- 6 || total
---------------------------+-------+-------++-------
   Fire: Shortbow          |   114 |    12 ||   126
    Use: Scroll            |     5 |       ||     5
 Armour: Leather armour    |    19 |     4 ||    23
  Dodge: Dodged            |    50 |     5 ||    55

Table legend: (Time is in decaauts)
 A = Elapsed time spent in this place.
 B = Non-inter-level travel time spent in this place.
 C = Inter-level travel time spent in this place.
 D = Time resting spent in this place.
 E = Time spent auto-exploring this place.
 F = Levels seen in this place.
 G = Mean time per level.
                   A        B        C        D        E       F      G
               +--------+--------+--------+--------+--------+-----+--------+
         Total |   1111 |   1111 |      0 |    186 |    659 |   3 |  370.3 |
       Dungeon |   1111 |   1111 |      0 |    186 |    659 |   3 |  370.3 |
               +--------+--------+--------+--------+--------+-----+--------+

Top non-repeatable levels by time:
     D:1: 656 daAuts
     D:2: 358 daAuts
     D:4: 97 daAuts
